 Seeded DCSS version 0.28-a0-1447-ga5a8893891 (webtiles) character file.

Game seed: 1952485369087707192 (custom seed)

263 lonewolfV2 the Ruffian (level 5, -1/53 HPs)
             Began as a Troll Fighter on Jan 10, 2022.
             Slain by a gnoll (9 damage)
             ... on level 2 of the Dungeon.
             The game lasted 00:02:15 (1528 turns).

lonewolfV2 the Ruffian (Troll Fighter)              Turns: 1528, Time: 00:02:15

Health: -1/53      AC:  4    Str: 26    XL:     5   Next: 97%
Magic:  0/4        EV:  9    Int:  4    God:
Gold:   83         SH:  0    Dex:  9    Spells: 4/4 levels left

rFire   . . .      SeeInvis .     - Unarmed
rCold   . . .      Faith    .   b - +0 kite shield
rNeg    . . .      Spirit   +   a - +0 robe
rPois   .          Reflect  .   (helmet restricted)
rElec   .          Harm     .   (no cloak)
rCorr   .          Rampage  .   (gloves unavailable)
Will    .....                   (boots unavailable)
Stlth   +.........              f - amulet of guardian spirit
HPRegen 0.97/turn               (no ring)
MPRegen 0.09/turn               (no ring)

@: confused, brilliant, ambrosia-drunk
A: large, unfitting armour, claws 3, regeneration 1, shaggy fur 1, tough skin 1
a: no special abilities


You were on level 2 of the Dungeon.
You visited 1 branch of the dungeon, and saw 2 of its levels.

You collected 83 gold pieces.

Inventory:

Armour
 a - a +0 robe (worn)
 b - a +0 kite shield (worn)
Jewellery
 f - an amulet of guardian spirit (around neck)
Scrolls
 h - 2 scrolls of identify {unknown}
Potions
 c - a potion of might
 g - a potion of attraction {unknown}


   Skills:
 + Level 3.3 Fighting
 + Level 3.4 Dodging
 + Level 3.2 Shields
 + Level 4.0 Unarmed Combat


You had 4 spell levels left.
You didn't know any spells.
Your spell library was empty.

Dungeon Overview and Level Annotations

Branches:
Dungeon (2/15)

Altars:


Innate Abilities, Weirdness & Mutations

You are too large for most types of armour.
You have claws for hands.
Your natural rate of healing is unusually fast.
You are covered in fur. (AC +1)
You have tough skin. (AC +1)


Message History

The gnoll is moderately wounded.
The gnoll hits you but does no damage. The gnoll hits you with a +0 halberd!
You closely miss the gnoll.
The gnoll is moderately wounded.
The gnoll hits you from afar with a +0 spear.
The gnoll completely misses you.
You barely miss the gnoll.
The gnoll is moderately wounded.
The gnoll closely misses you. The gnoll barely misses you.
You scratch the gnoll.
The gnoll is severely wounded.
The gnoll hits you but does no damage. You block the gnoll's attack.
You claw the gnoll!
You kill the gnoll!
You block the gnoll's attack. You block the gnoll's attack.
The gnoll closely misses you.
Things that are here:
a +0 halberd; a gnoll corpse You closely miss the gnoll.
The gnoll hits you from afar with a +0 halberd!
You block the gnoll's attack.
The gnoll hits you from afar with a +0 halberd!
* * * LOW HITPOINT WARNING * * *
You barely miss the gnoll. The gnoll hits you with a +0 spear.
* * * LOW HITPOINT WARNING * * *
You block the gnoll's attack. The gnoll hits you with a +0 spear.
* * * LOW HITPOINT WARNING * * *
You barely miss the gnoll. The gnoll barely misses you.
The gnoll closely misses you.
It was a potion of ambrosia.
You are confused.
You feel invigorated.
The gnoll hits you from afar with a +0 halberd.
* * * LOW HITPOINT WARNING * * *
The gnoll hits you with a +0 spear.
* * * LOW HITPOINT WARNING * * *
It was a potion of brilliance.
You feel clever all of a sudden.
The gnoll hits you from afar with a +0 halberd!
You die...

...†.....# ..####...## #.#
#.....########### ..#
#................ [.#
#.....###.######. ..#
##...## #.# .## ##### #.#
.####### #.######.# ........
#..)@gg..# .#######
#.################# .# #.#
#.##.##.##...#.## .# #.#
#.#..#.#..##.##.. .# #.#
##.....#....#.... ## #
#.###.......##...##.. #
#.####.#.................. #
###.....[..#################
# #........### #.#


You could see 2 gnolls.

Vanquished Creatures
  Sigmund (D:2)
  2 gnolls (D:2)
  3 adders (D:2)
  4 worms (D:2)
  2 dart slugs (D:1)
  4 ball pythons
  2 bats (D:2)
  3 endoplasms (D:1)
  3 giant cockroaches
  4 hobgoblins
  4 frilled lizards (D:2)
  8 goblins
  5 kobolds
  2 rats (D:2)
47 creatures vanquished.

Notes
Turn   | Place    | Note
-------+----------+-------------------------------------------
     0 | D:1      | lonewolfV2 the Troll Fighter began the quest for the Orb.
     0 | D:1      | Reached XP level 1. HP: 22/22 MP: 0/0
    71 | D:1      | Reached XP level 2. HP: 28/29 MP: 1/1
   790 | D:2      | Reached XP level 3. HP: 36/36 MP: 2/2
   794 | D:2      | Noticed Sigmund
   805 | D:2      | Killed Sigmund
   806 | D:2      | Reached skill level 3 in Unarmed Combat
   806 | D:2      | Reached XP level 4. HP: 19/45 MP: 3/3
   806 | D:2      | Reached XP level 5. HP: 22/53 MP: 4/4
  1298 | D:2      | Found a faded altar of an unknown god.
  1517 | D:2      | Reached skill level 4 in Unarmed Combat
  1525 | D:2      | HP: 2/53 [gnoll (5)]
  1528 | D:2      | Slain by a gnoll

Illustrated notes

Levels and vault maps discovered:
D:1:      dpeg_arrival_erosion, layout_basic, serial_bayou_lake_a
D:2:      minmay_evil_eye, layout_loops_ring, basic_ecumenical_altar,
          minmay_misc_feat_rugged, uniq_sigmund

Skill      XL: |  1  2  3  4  5 |
---------------+----------------+-----
Fighting       | 3 |  3.3
Dodging        | 3 |  3.4
Shields        | 3 |  3.2
Unarmed Combat | 3 4 |  4.0

Action                   |  1- 3 |  4- 6 || total
-------------------------+-------+-------++-------
Melee: Unarmed           |    54 |    79 ||   133
  Use: Scroll            |     2 |     1 ||     3
       Potion            |       |     2 ||     2
Armor: Robe              |    19 |    27 ||    46
Dodge: Dodged            |    17 |    34 ||    51
Block: Kite shield       |    21 |    45 ||    66

Table legend: (Time is in decaauts)
 A = Elapsed time spent in this place.
 B = Non-inter-level travel time spent in this place.
 C = Inter-level travel time spent in this place.
 D = Time resting spent in this place.
 E = Time spent auto-exploring this place.
 F = Levels seen in this place.
 G = Mean time per level.
                   A        B        C        D        E       F      G
               +--------+--------+--------+--------+--------+-----+--------+
         Total |   1566 |   1543 |     23 |    178 |    954 |   2 |  783.0 |
       Dungeon |   1566 |   1543 |     23 |    178 |    954 |   2 |  783.0 |
               +--------+--------+--------+--------+--------+-----+--------+

Top non-repeatable levels by time:
     D:1: 803 daAuts
     D:2: 762 daAuts
